 Dungeon Crawl Stone Soup version 0.19.0-2-gae57169 (webtiles) character file.

595 Bsssss the Covert (level 7, -7/46 HPs)
             Began as an Octopode Assassin on Nov 2, 2016.
             Was an Initiate of Dithmenos.
             Mangled by an orc warrior
             ... wielding a +0 glaive
              (27 damage)
             ... on level 4 of the Dungeon.
             The game lasted 00:13:55 (2899 turns).

Bsssss the Covert (Octopode Assassin)               Turns: 2899, Time: 00:13:57

Health: -7/46      AC:  4    Str: 11    XL:     7   Next: 40%
Magic:  7/7        EV: 14    Int: 13    God:    Dithmenos [......]
Gold:   115        SH:  2    Dex: 15    Spells: 0 memorised, 6 levels left

rFire  . . .     SeeInvis .     a - +2 dagger
rCold  . . .     Gourm    .     (no shield)
rNeg   . . .     Faith    .     (helmet restricted)
rPois  +         Spirit   .     v - +2 amulet of reflection
rElec  .         Reflect  +     j - +3 ring of protection
rCorr  .         Harm     .     h - ring of poison resistance
MR     .....                    (no ring)
Stlth  +++++.....               (no ring)
                                (no ring)
                                (no ring)
                                (no ring)
                                (no ring)

@: no status effects
A: almost no armour, stealthy swim, amphibious, 8 rings, constrict 8, antennae
1, camouflage 1, regeneration 1, wild magic 1, gelatinous body 1, evolution 1
a: Renounce Religion


You were on level 4 of the Dungeon.
You worshipped Dithmenos.
Dithmenos was noncommittal.
You were not hungry.

You visited 1 branch of the dungeon, and saw 4 of its levels.

You collected 115 gold pieces.

Inventory:

Hand Weapons
 a - a +2 dagger (weapon)
 b - a +0 blowgun
 y - the +0 short sword "Cyceagar" {flame, *Drain Str+4 Int+4, unknown}
   (You found it on level 4 of the Dungeon)

   It has been specially enchanted to burn those struck by it, causing extra
   injury to most foes and up to half again as much damage against particularly
   susceptible opponents.
   It affects your strength (+4).
   It affects your intelligence (+4).
   It causes draining when unequipped.
   Dithmenos disapproves of the use of such an item.
Missiles
 c - 8 poisoned needles
 d - 2 curare-tipped needles
 k - 34 arrows
 n - 141 stones (quivered)
 s - 61 sling bullets
 w - 12 tomahawks
Jewellery
 h - a ring of poison resistance (right tentacle)
 j - a +3 ring of protection (left tentacle)
 v - a +2 amulet of reflection (around mantle)
 x - an uncursed ring of fire
Wands
 o - a wand of acid (11/15)
 t - a wand of flame (39/48)
Scrolls
 e - a scroll of teleportation
 i - a scroll of amnesia
 p - a scroll of identify
 A - a scroll of remove curse {unknown}
 C - a scroll of enchant armour {unknown}
Potions
 m - a potion of curing {unknown}
 q - a potion of lignification {unknown}
 r - a potion of degeneration {unknown}
 u - 3 potions of magic {unknown}
 z - 3 potions of flight {unknown}
Comestibles
 f - 2 bread rations
 g - a beef jerky
 l - a meat ration
 B - 3 chunks of flesh


   Skills:
 + Level 3.3 Fighting
 + Level 3.5 Short Blades
 + Level 3.4 Throwing
 + Level 3.1 Dodging
 * Level 8.9 Stealth


You had 6 spell levels left.
You didn't know any spells.

Dungeon Overview and Level Annotations

Branches:
Dungeon (4/15)
 Temple: D:4-7

Altars:
Dithmenos
Okawaru


Innate Abilities, Weirdness & Mutations

You cannot wear most types of armour.
You are very stealthy in the water. (Stealth+)
You are amphibious.
You can wear up to eight rings at the same time.
You can use your tentacles to constrict eight enemies at once.
Your skin changes colour to match your surroundings (Stealth+).
Your rubbery body absorbs attacks. (AC +1, EV +1)
You have a pair of small antennae on your head.
Your natural rate of healing is unusually fast.
Your spells are a little harder to cast, but a little more powerful.
You evolve.


Message History

You hit the orc wizard. Your grab misses the orc wizard.
The orc wizard is moderately wounded.
The orc wizard completely misses you.
You barely miss the orc wizard. Your grab misses the orc wizard.
The orc wizard is moderately wounded.
The orc warrior closely misses you. The orc wizard misses you.
You barely miss the orc wizard. Your grab misses the orc wizard.
Your squeeze misses the orc wizard.
The orc wizard is moderately wounded.
The orc warrior closely misses you.
You closely miss the orc wizard. Your grab misses the orc wizard.
The orc wizard is moderately wounded.
The orc wizard hits you with a dagger.
You barely miss the orc wizard. Your grab misses the orc wizard.
The orc wizard is moderately wounded.
The orc wizard gestures at you while chanting.
You resist with some effort.
The orc warrior hits you from afar with a glaive!!
Ouch! That really hurt!
You die...

#......)#....###+###...#
...............#.......#
...............#.......#
...............#.......#
...............#(.##...#
...............#..######
...............#..#
...............#..+
...............#@.#
...............#)o#
.....##..###+###o...
.....######.. #......
............. ...##...#
............. ...# ...#
............. ...# ..#
.....##..#### ##..# ..
.....##..##.


You could see an orc warrior and an orc wizard.

Vanquished Creatures
  Sigmund (D:3)
  A bullfrog (D:4)
  2 orc priests (D:3)
  A hound (D:3)
  3 orc wizards
  Jessica (D:3)
  Ijyb (D:2)
  Robin (D:3)
  2 adders
  2 oozes
  3 worms (D:3)
  4 dart slugs
  2 leopard geckos
  9 orcs
  A ball python (D:1)
  8 bats
  2 giant cockroaches
  16 goblins
  16 hobgoblins
  3 jackals (D:3)
  A quokka (D:3)
  2 frilled lizards
  7 kobolds
  11 rats
100 creatures vanquished.

Notes
Turn   | Place    | Note
-------+----------+-------------------------------------------
     0 | D:1      | Bsssss the Octopode Assassin began the quest for the Orb.
     0 | D:1      | Reached XP level 1. HP: 14/14 MP: 1/1
    57 | D:1      | Reached XP level 2. HP: 7/19 MP: 2/2
   366 | D:1      | Reached skill level 6 in Stealth
   444 | D:1      | Reached XP level 3. HP: 16/24 MP: 3/3
   803 | D:2      | Noticed Ijyb
   815 | D:2      | Killed Ijyb
   815 | D:2      | Reached XP level 4. HP: 27/30 MP: 4/4
  1422 | D:3      | Reached XP level 5. HP: 30/35 MP: 5/5
  1491 | D:3      | Found an iron altar of Okawaru.
  1540 | D:3      | Noticed Sigmund
  1551 | D:3      | Killed Sigmund
  1551 | D:3      | Reached skill level 7 in Stealth
  1551 | D:3      | Reached XP level 6. HP: 8/42 MP: 6/6
  2040 | D:3      | Noticed Robin
  2071 | D:3      | Killed Robin
  2071 | D:3      | Reached skill level 8 in Stealth
  2345 | D:3      | Found a shadowy altar of Dithmenos.
  2403 | D:3      | Became a worshipper of Dithmenos the Shadowed
  2468 | D:3      | Reached XP level 7. HP: 46/46 MP: 7/7
  2529 | D:3      | Noticed Jessica
  2537 | D:3      | Killed Jessica
  2749 | D:3      | Gained mutation: Scrolls take you a little longer to read. [potion of mutation]
  2749 | D:3      | Gained mutation: You have a pair of small antennae on your head. [potion of mutation]
  2749 | D:3      | Gained mutation: You evolve. [potion of mutation]
  2750 | D:3      | Gained mutation: Your natural rate of healing is unusually fast. [potion of mutation]
  2750 | D:3      | Lost mutation: Scrolls take you a little longer to read. [potion of mutation]
  2750 | D:3      | Gained mutation: Your spells are a little harder to cast, but a little more powerful. [potion of mutation]
  2837 | D:4      | Got a scorched short sword
  2899 | D:4      | Mangled by an orc warrior

Skill      XL: |  1  2  3  4  5  6  7 |
---------------+----------------------+-----
Stealth        | 6 7 8 |  8.9
Dodging        | 2 3 |  3.1
Fighting       | 3 |  3.3
Short Blades   | 3 |  3.5
Throwing       | 3 |  3.4

Action                   |  1- 3 |  4- 6 |  7- 9 || total
-------------------------+-------+-------+-------++-------
Melee: Dagger            |    47 |   120 |    43 ||   210
       Constrict         |    12 |    31 |     7 ||    50
       Tentacles         |    10 |    23 |     9 ||    42
  Use: Scroll            |       |     1 |     2 ||     3
       Potion            |       |       |     2 ||     2
 Stab: Sleeping          |     8 |    16 |     2 ||    26
       Distracted        |     2 |       |       ||     2
  Eat: Chunk             |       |     5 |     1 ||     6
Armor: Skin              |     7 |    15 |     7 ||    29
Dodge: Dodged            |    39 |    48 |    33 ||   120
Block: Other             |       |     3 |       ||     3
